 Dungeon Crawl Stone Soup version 0.30.0-5-g1a98f26d00 (console) character file.

Game seed: 17215852982071279592

1114 jejorda2 the Cutter (level 8, -2/44 HPs)
             Began as a Vine Stalker Berserker on May 8, 2023.
             Was a Priest of Trog.
             Slain by a gnoll
             ... wielding a +2 halberd of protection
             ... led by a gnoll bouda
              (9 damage)
             ... on level 6 of the Dungeon.
             The game lasted 00:08:40 (4124 turns).

jejorda2 the Cutter (Vine Stalker Berserker)        Turns: 4124, Time: 00:08:40

Health: -2/44      AC: 11    Str: 21    XL:     8   Next: 34%
Magic:  0/9        EV: 11    Int:  7    God:    Trog [***...]
Gold:   282        SH:  0    Dex: 15    Spells: 7/7 levels left

rFire   . . .        a - +3 dagger (venom)
rCold   + . .        (no shield)
rNeg    . . .        t - +1 plate armour
rPois   .            (no helmet)
rElec   .            (no cloak)
rCorr   .            (no gloves)
SInv    .            (no boots)
Will    +....        (no amulet) Stlth
                     r - ring of protection from cold
HPRegen 1.07/turn    l - +5 ring of evasion
MPRegen 0.11/turn

%: guardian spirit
@: lethally poisoned (-2 -> -5)
A: fangs 3, regeneration 1, magic shield, antimagic bite, no potion heal 2
a: Renounce Religion, Berserk, Trog's Hand


You were on level 6 of the Dungeon.
You worshipped Trog.
Trog was most pleased with you.
You visited 1 branch of the dungeon, and saw 6 of its levels.

You collected 282 gold pieces.

Inventory:

Hand Weapons
 a - a +3 dagger of venom (weapon)
 b - a +0 dagger
Missiles
 i - 40 stones (quivered)
 x - 2 boomerangs
Armour
 t - a +1 plate armour (worn)
Jewellery
 c - a +6 ring of strength
 h - a ring of protection from cold
 l - a +5 ring of evasion (right hand)
 r - a ring of protection from cold (left hand)
 D - a ring of fire
Wands
 w - a wand of polymorph (4)
Scrolls
 f - 3 scrolls of poison {unknown}
 j - 2 scrolls of vulnerability {unknown}
 k - 3 scrolls of identify
Potions
 d - a potion of heal wounds {unknown}
 g - 4 potions of flight
 m - a potion of degeneration {unknown}
 n - a potion of mutation {unknown}
 o - 2 potions of brilliance
 p - 3 potions of curing
 z - 2 potions of haste
 C - a potion of lignification {unknown}


   Skills:
 + Level 5.7 Fighting
 * Level 7.7 Short Blades
 - Level 1.5 Armour
 - Level 1.5 Dodging


You had 7 spell levels left.
You didn't know any spells.
Your spell library was empty.

Dungeon Overview and Level Annotations

Branches:
Dungeon (6/15)             Temple (0/1) D:4

Altars:

Shops:
D:1 *   D:6 !


Innate Abilities, Weirdness & Mutations

You have razor-sharp teeth.
Your natural rate of healing is unusually fast.
When hurt, damage is shared between your health and your magic reserves.
Your bite disrupts and absorbs the magic of your enemies.
Potions cannot restore your health.


Message History

You hit the gnoll.
You kill the gnoll!
Trog accepts your kill.
The jelly quivers.
The gnoll completely misses you.
The gnoll hits you from afar with a +0 halberd of venom.
You are poisoned.
You see here a +0 club.
You hit the gnoll bouda. You bite the gnoll bouda. You drain its power.
You feel invigorated.
The gnoll bouda is lightly wounded.
You feel sick. The gnoll barely misses you. x2
The gnoll bouda hits you with a +0 whip.
You hit the gnoll bouda.
The gnoll bouda is poisoned.
Your bite misses the gnoll bouda.
The gnoll bouda is lightly wounded.
You feel sick. The gnoll barely misses you.
The gnoll throws a throwing net.
The throwing net hits you.
You become entangled in the net!
The gnoll bouda hits you with a +0 whip.
You are held in a net!
You struggle against the net.
You feel sick.
The gnoll bouda barks out a call to the hunt!
The gnolls pick up the pace!
The gnoll hits you from afar with a +2 halberd of protection.
The gnoll hits you from afar with a +0 halberd of venom.
You struggle against the net.
You feel sick.
The gnoll hits you from afar with a +2 halberd of protection!
The gnoll hits you from afar with a +0 halberd of venom.
The gnoll bouda hits you with a +0 whip!
* * * LOW HITPOINT WARNING * * *
You struggle against the net.
You feel sick.
The gnoll hits you from afar with a +2 halberd of protection.
* * * LOW HITPOINT WARNING * * *
The gnoll bouda closely misses you.
The gnoll hits you from afar with a +0 halberd of venom.
You are more poisoned.
You rip the net and break free!
You feel very sick.
The gnoll hits you from afar with a +2 halberd of protection!
You die...

,,,,,**,********,*,,,,,,**,,,*,**
,******,**,,,,,*,,,,,,,,**,*,*,,,
,* *,,,**,*,,,,,,,,,,,.,,,,,**,,
** *,****,*,*******,,..,,,,,,+,,
*****,*,,,,*,* *##*<...,,,,***,,
,,,,*+*,,,,,,*###∩##....,,,,* *,,
,,,,,,,,,,,*,##..gS.....**+** *,,
,,,,,,,,*#,*,#...ggJ....,,,* *,,
,,,,,,,,*#.###.#@#********** *,,
*,**,,,**#.....#.####### *,,
*,****** ####..........# *,, *,*
#.............##### *,, *,*
#.#........>......# *,, ,,*
*,#.....##.###....####** ***
#........#.# #....##.# *
####.....#.# #....##.# *
#.....+.# #.......#


You could see a gnoll bouda (very poisoned), a jelly, 2 gnolls and an adder.

Vanquished Creatures
  Pikel (D:5)
  Edmund (D:3)
  A phantom (D:4)
  A lemure (D:5)
  2 hounds (D:4)
  3 orc priests (D:4)
  An iguana (D:4)
  A sleepcap (D:5)
  2 orc wizards (D:4)
  5 gnolls
  5 adders
  A shadow imp (D:4)
  2 worms
  2 dart slugs (D:3)
  11 orcs
  3 ball pythons
  4 bats
  5 endoplasms
  5 giant cockroaches
  10 goblins
  5 hobgoblins
  3 quokkas
  4 frilled lizards
  9 kobolds
  5 rats (D:1)
92 creatures vanquished.

Notes
Turn   | Place    | Note
-------+----------+-------------------------------------------
     0 | D:1      | jejorda2 the Vine Stalker Berserker began the quest for the
                  | Orb.
     0 | D:1      | Reached XP level 1. HP: 11/11 MP: 2/2
   104 | D:1      | Reached skill level 3 in Short Blades
   118 | D:1      | Reached XP level 2. HP: 11/16 MP: 1/3
   403 | D:1      | Found Elacroxe's Assorted Antiques.
   832 | D:1      | Reached XP level 3. HP: 20/20 MP: 4/4
  1193 | D:2      | Reached ** piety under Trog
  1454 | D:2      | Gained mutation: Your natural rate of healing is unusually
                  | fast. [Vine Stalker growth]
  1454 | D:2      | Reached XP level 4. HP: 24/24 MP: 5/5
  1466 | D:2      | Reached skill level 4 in Short Blades
  2033 | D:3      | Found a faded altar of an unknown god.
  2327 | D:4      | Noticed Edmund
  2336 | D:3      | Killed Edmund
  2337 | D:3      | Reached skill level 5 in Short Blades
  2337 | D:3      | Reached XP level 5. HP: 29/29 MP: 6/6
  2393 | D:4      | Found a staircase to the Ecumenical Temple.
  2411 | D:4      | Reached XP level 6. HP: 31/33 MP: 5/7
  2565 | D:4      | Reached skill level 6 in Short Blades
  2565 | D:4      | Reached XP level 7. HP: 35/38 MP: 6/8
  2708 | D:4      | Reached *** piety under Trog
  3208 | D:5      | Entered Level 5 of the Dungeon
  3608 | D:5      | Noticed Pikel
  3622 | D:5      | Killed Pikel
  3623 | D:5      | Reached skill level 5 in Fighting
  3623 | D:5      | Reached skill level 7 in Short Blades
  3623 | D:5      | Gained mutation: You have razor-sharp teeth. [Vine Stalker
                  | growth]
  3623 | D:5      | Reached XP level 8. HP: 44/44 MP: 7/9
  4106 | D:6      | Found Ycoal's Distillery.
  4124 | D:6      | Slain by a gnoll

Illustrated notes

Levels and vault maps discovered:
D:1:      psy_arrival_radial01, layout_basic, serial_shops, shop,
          minmay_tetromino_o4
D:2:      layout_basic
D:3:      layout_basic, hellmonk_ecumenical_altar_heavens_door,
          serial_bayou_pond_a
D:4:      layout_loops_ring, minmay_temple_entry_drinking_statues,
          dreamdust_princess_bridge, uniq_edmund
D:5:      layout_basic, uniq_pikel
D:6:      layout_basic, old_standard_altar, serial_shops,
          nicolae_shop_just_a_little_nook

Skill      XL: |  1  2  3  4  5  6  7 |
---------------+----------------------+-----
Short Blades   | 3 5 6 7 |  7.7
Fighting       | 3 4 5 |  5.7
Armour         | |  1.5
Dodging        | |  1.5

Action                     |  1- 3 |  4- 6 |  7- 9 || total
---------------------------+-------+-------+-------++-------
  Melee: Short sword       |    33 |       |       ||    33
         Bite              |    25 |    36 |    30 ||    91
         Dagger            |    88 |   110 |    95 ||   293
         Punch             |       |     2 |     2 ||     4
  Throw: Stone             |       |     3 |     1 ||     4
 Invoke: Berserk           |     1 |     3 |     1 ||     5
         Trog's Hand       |       |     1 |       ||     1
    Use: Scroll            |       |       |    11 ||    11
   Stab: Sleeping          |     1 |       |       ||     1
 Armour: Animal skin       |    15 |       |       ||    15
         Chain mail        |    25 |    12 |       ||    37
         Plate armour      |       |    25 |    25 ||    50
  Dodge: Dodged            |    49 |    60 |    36 ||   145
